 Dungeon Crawl Stone Soup version 0.31-a0-18-gea43df2a32 (webtiles) character file.

Game seed: 16492754828113730772

2279 Mickster the Cleaver (level 9, -6/67 HPs)
             Began as a Hill Orc Berserker on May 10, 2023.
             Was a Believer of Trog.
             Killed from afar by an electric eel (9 damage)
             ... with a bolt of electricity
             ... on level 6 of the Dungeon.
             The game lasted 00:50:34 (4505 turns).

Mickster the Cleaver (Hill Orc Berserker)           Turns: 4505, Time: 00:50:34

Health: -6/67      AC: 13    Str: 28    XL:     9   Next: 39%
Magic:  9/9        EV: 11    Int:  7    God:    Trog [**....]
Gold:   153        SH:  8    Dex: 12    Spells: 8/8 levels left

rFire   . . .        w - +1 broad axe (heavy)
rCold   . . .        g - +0 buckler
rNeg    . . .        y - +0 chain mail
rPois   .            j - +1 helmet
rElec   .            (no cloak)
rCorr   .            (no gloves)
SInv    +            c - +0 pair of boots
Will    .....        (no amulet) Stlth
                     h - +6 ring of strength
HPRegen 0.31/turn    z - ring of see invisible
MPRegen 0.11/turn

%: no passive effects
@: very slow
A: large bone plates 1, frail 1, teleportitis 1, MP-powered wands, sturdy frame
1
a: Renounce Religion, Berserk, Trog's Hand


You were on level 6 of the Dungeon.
You worshipped Trog.
Trog was pleased with you.
You visited 1 branch of the dungeon, and saw 6 of its levels.

You collected 201 gold pieces.
You spent 48 gold pieces at shops.

Inventory:

Hand Weapons
 a - a +0 battleaxe
 k - a +2 sling of freezing
 p - a +2 rapier of distortion
 q - a +0 dagger of chaos
 t - a +0 whip of electrocution
 u - a +2 whip of venom
 v - a +0 longbow
 w - a +1 heavy broad axe (weapon)
Missiles
 d - 39 stones
 n - 3 javelins
 r - 6 poisoned darts
 A - 3 boomerangs (quivered)
Armour
 c - a +0 pair of boots (worn)
 e - a +1 ring mail of fire resistance
 g - a +0 buckler (worn)
 j - a +1 helmet (worn)
 l - a +0 scale mail
 x - +0 steam dragon scales
 y - a +0 chain mail (worn)
Jewellery
 h - a +6 ring of strength (left hand)
 m - a ring of fire
 z - a ring of see invisible (right hand)
Wands
 f - a wand of digging (4)
Scrolls
 i - 2 scrolls of identify
 s - a scroll of poison
Potions
 o - a potion of mutation


   Skills:
 + Level 6.1 Fighting
 - Level 6.0 Short Blades
 * Level 8.7 Axes
 + Level 6.1 Armour
 + Level 4.0 Dodging
 + Level 1.0 Stealth
 + Level 2.8 Shields


You had 8 spell levels left.
You didn't know any spells.
Your spell library was empty.

Dungeon Overview and Level Annotations

Branches:
Dungeon (6/15)             Temple (0/1) D:4

Altars:
Okawaru
Vehumet

Shops:
D:3 [[   D:5 (

Annotations:
Abyss:1 Edmund


Innate Abilities, Weirdness & Mutations

You are partially covered in large bone plates. (SH +4)
You are frail. (-10% HP)
You are occasionally teleported next to monsters.
You expend magic power (3 MP) to strengthen your wands.
Your movements are slightly less encumbered by armour. (ER -2)


Message History

You feel protected.
There is a stone staircase leading down here.
There is a stone staircase leading down here.
There is an open door here.
You enter the shallow water.
Moving in this stuff is going to be slow.
You enter the shallow water.
Moving in this stuff is going to be slow.
Things that are here:
a +0 mace; a +0 ring mail You enter the shallow water.
Moving in this stuff is going to be slow.
You start to feel less resistant.
You enter the shallow water.
Moving in this stuff is going to be slow.
Your resistance to elements expires.
The electric eel shoots out a bolt of lightning at you!
The bolt of electricity hits you.
There is an open door here.
The electric eel shoots out a bolt of lightning at you!
The bolt of electricity hits the electric eel.
The electric eel completely resists.
The bolt of electricity hits you!
The electric eel shoots out a bolt of lightning at you!
The bolt of electricity hits you.
The electric eel shoots out a bolt of lightning at you!
The bolt of electricity hits you.
The electric eel shoots out a bolt of lightning at you!
The bolt of electricity hits you. x2
The electric eel shoots out a bolt of lightning at you!
The bolt of electricity hits you!
You enter the shallow water.
Moving in this stuff is going to be slow.
The electric eel shoots out a bolt of lightning at you!
The bolt of electricity hits you!
* * * LOW HITPOINT WARNING * * *
The bolt of electricity hits you!
* * * LOW HITPOINT WARNING * * *
The electric eel shoots out a bolt of lightning at you!
The bolt of electricity hits you!
You die...

........# ..# ........# #.######
........# ########.#.....
###'###############>.....#.#.####
....................####..>......
###.######...########.####.#.#...
..... .###'##≈$.P..#.)# #.#.#.##
###.###.###.#≈≈S.P..'#.# #.#.# .
# #.......#.#≈.!@....#.# #.#.# ##
# #.......#.#≈S!S~...#~###.#.. #
#...l...#~##≈~$~..##~~##.###### #
#.......##~##########~##....... #
#.......###~##≈.$~. #..#.###### #
#.......# #.#≈≈.~P. +#.#.###### #
#.####+## #.#S~$... #.#.#.....
###.####.## #.#≈≈~.~. #~#.#.....
..........# #.##≈.?.. ##~#.#.....


You could see 3 electric eels.

Vanquished Creatures
  Pikel (D:5)
  Maggie (D:6)
  Prince Ribbit (D:5)
  The ghost of nononono the Sneak, an amateur OpBr of Qazlal (D:4)
  An ice beast (D:6)
  A black bear (D:6)
  2 ogres
  A centaur (D:6)
  A lemure (D:5)
  A kobold brigand (D:4)
  2 scorpions
  A wyvern zombie (D:5)
  2 jellies
  2 iguanas
  Terence (D:3)
  A scorpion zombie (D:5)
  Natasha (twice) (D:3)
  Robin (D:3)
  2 gnolls (D:5)
  6 adders
  A white imp (D:5)
  An ufetubus (D:6)
  An adder zombie (D:5)
  An adder skeleton (D:5)
  A worm (D:3)
  A dart slug (D:5)
  7 orcs
  3 endoplasms
  A giant cockroach (D:3)
  9 goblins
  8 hobgoblins
  11 jackals
  2 quokkas
  5 ball pythons
  3 bats
  A frilled lizard (D:1)
  9 kobolds (D:4)
  5 rats
101 creatures vanquished.

Notes
Turn   | Place    | Note
-------+----------+-------------------------------------------
     0 | D:1      | Mickster the Hill Orc Berserker began the quest for the
                  | Orb.
     0 | D:1      | Reached XP level 1. HP: 19/19 MP: 1/1
   226 | D:1      | Found a faded altar of an unknown god.
   295 | D:1      | Reached XP level 2. HP: 21/27 MP: 2/2
   848 | D:2      | Reached skill level 5 in Axes
   971 | D:3      | Found Tusuleem's Armour Boutique.
  1009 | D:3      | Noticed Terence
  1019 | D:3      | Killed Terence
  1020 | D:3      | Reached XP level 3. HP: 24/33 MP: 3/3
  1086 | D:3      | Found Hus Zeic's Antique Armour Shoppe.
  1242 | D:3      | Noticed Robin
  1250 | D:3      | Reached XP level 4. HP: 40/40 MP: 4/4
  1277 | D:3      | Killed Robin
  1347 | D:3      | Noticed Natasha
  1353 | D:3      | Killed Natasha
  1354 | D:3      | Reached skill level 6 in Axes
  1361 | D:3      | Reached XP level 5. HP: 43/46 MP: 5/5
  1417 | D:3      | Reached ** piety under Trog
  1420 | D:3      | Noticed Natasha
  1429 | D:3      | Killed Natasha
  1542 | D:3      | Bought a +0 scale mail for 48 gold pieces
  1751 | D:4      | Found a staircase to the Ecumenical Temple.
  1891 | D:4      | Found an iron altar of Okawaru.
  1905 | D:4      | Found a radiant altar of Vehumet.
  1974 | D:4      | Noticed an ogre
  1983 | D:4      | Killed an ogre
  1984 | D:4      | Reached skill level 7 in Axes
  1984 | D:4      | Reached XP level 6. HP: 27/53 MP: 6/6
  2592 | D:4      | Found a runed translucent gate.
  2592 | D:4      | Found a runed translucent gate.
  2593 | D:4      | Found a runed translucent gate.
  2596 | D:4      | Noticed nononono's ghost (amateur OpBr)
  2608 | D:4      | Reached skill level 8 in Axes
  2622 | D:4      | Killed nononono's ghost
  2623 | D:4      | Reached XP level 7. HP: 50/60 MP: 7/7
  2693 | D:5      | Entered Level 5 of the Dungeon
  2713 | D:5      | Reached skill level 1 in Shields
  2774 | D:5      | Reached skill level 1 in Short Blades
  2775 | D:5      | Reached skill level 5 in Fighting
  2907 | D:5      | Found Jaozewk's Weapon Shoppe.
  3129 | D:5      | Noticed Pikel
  3136 | D:5      | Reached XP level 8. HP: 68/68 MP: 8/8
  3149 | D:5      | Killed Pikel
  3150 | D:5      | Reached skill level 5 in Armour
  3280 | D:5      | Noticed Edmund
  3280 | D:5      | Noticed Prince Ribbit
  3286 | D:5      | Killed Prince Ribbit
  3289 | D:5      | Banished Edmund
  3290 | D:5      | Reached skill level 5 in Short Blades
  3455 | D:6      | Reached XP level 9. HP: 73/75 MP: 9/9
  3503 | D:6      | Gained mutation: Your movements are slightly less
                  | encumbered by armour. (ER -2) [potion of mutation]
  3503 | D:6      | Gained mutation: You expend magic power (3 MP) to
                  | strengthen your wands. [potion of mutation]
  3503 | D:6      | Gained mutation: You are partially covered in large bone
                  | plates. (SH +4) [potion of mutation]
  3736 | D:6      | Noticed Maggie
  3752 | D:6      | Killed Maggie
  3753 | D:6      | Reached skill level 1 in Stealth
  3879 | D:6      | Gained mutation: You are occasionally teleported next to
                  | monsters. [mutagenic glow]
  3892 | D:6      | Gained mutation: You are frail. (-10% HP) [mutagenic glow]
  4505 | D:6      | HP: 3/67 [electric eel/bolt of electricity (8)]
  4505 | D:6      | Killed from afar by an electric eel

Illustrated notes

Levels and vault maps discovered:
D:1:      ldierk_walled_garden_2, layout_loops_ring,
          nicolae_ecumenical_lake_church, grunt_decor_clamped,
          patterned_corridor
D:2:      wander_river, layout_basic
D:3:      layout_basic, serial_shops, nicolae_shop_rolling_square,
          nicolae_shop_statue_plus, uniq_robin, uniq_terence, uniq_natasha
D:4:      layout_loops_ring, grunt_temple_overflow_open,
          minmay_temple_entry_glass, gammafunk_ghost_nasty_kobolds
D:5:      layout_cave_pools, serial_shops, nicolae_shop_advertising_works
          [nicolae_subvault_shop_adworks], serial_undead, serial_undead_c,
          serial_undead_c, serial_undead_e, serial_undead_c,
          uniq_prince_ribbit1, uniq_pikel, uniq_edmund
D:6:      cheibrodos_two_vegetables, layout_basic, lemuel_blue_sif_altar,
          ebering_ghost_inner_flame, uniq_maggie

Skill      XL: |  1  2  3  4  5  6  7  8  9 |
---------------+----------------------------+-----
Axes           | 5 6 7 8 |  8.7
Fighting       | 4 5 6 |  6.1
Dodging        | 2 3 4 |  4.0
Armour         | 3 4 5 6 |  6.1
Shields        | 1 2 |  2.8
Short Blades   | 2 5 6 |  6.0
Stealth        | 1 |  1.0

Action                     |  1- 3 |  4- 6 |  7- 9 || total
---------------------------+-------+-------+-------++-------
  Melee: Hand axe          |   100 |    95 |       ||   195
         Rapier            |       |       |   139 ||   139
         Broad axe         |       |       |     9 ||     9
  Throw: Stone             |       |       |     2 ||     2
 Invoke: Berserk           |     3 |     4 |     6 ||    13
         Trog's Hand       |       |     1 |     2 ||     3
    Use: Potion            |     1 |     3 |     4 ||     8
         Scroll            |     5 |       |     5 ||    10
 Armour: Animal skin       |    19 |       |       ||    19
         Ring mail         |     9 |    41 |    70 ||   120
         Chain mail        |       |       |     4 ||     4
  Dodge: Dodged            |    69 |    59 |   116 ||   244
  Block: Buckler           |     3 |    11 |    44 ||    58

Table legend: (Time is in decaauts)
 A = Elapsed time spent in this place.
 B = Non-inter-level travel time spent in this place.
 C = Inter-level travel time spent in this place.
 D = Time resting spent in this place.
 E = Time spent auto-exploring this place.
 F = Levels seen in this place.
 G = Mean time per level.
                   A        B        C        D        E       F      G
               +--------+--------+--------+--------+--------+-----+--------+
         Total |   4670 |   4434 |    236 |   1489 |      0 |   6 |  778.3 |
       Dungeon |   4670 |   4434 |    236 |   1489 |      0 |   6 |  778.3 |
               +--------+--------+--------+--------+--------+-----+--------+

Top non-repeatable levels by time:
     D:4: 1137 daAuts
     D:6: 1083 daAuts
     D:1: 845 daAuts
     D:5: 816 daAuts
     D:3: 720 daAuts
     D:2: 67 daAuts
